 Dungeon Crawl Stone Soup version 0.25-a0-474-ga8a2ee3166 (webtiles) character file.

Game seed: 1010411529762925663, levelgen mode: deterministic

298 Error4North the Chopper (level 6, -2/52 HPs)
             Began as a Hill Orc Fighter on Feb 5, 2020.
             Was an Initiate of Okawaru.
             Slain by an ogre
             ... wielding a +0 giant club
              (17 damage)
             ... on level 4 of the Dungeon on Feb 6, 2020.
             The game lasted 00:12:41 (3369 turns).

Error4North the Chopper (Hill Orc Fighter)          Turns: 3369, Time: 00:12:41

Health: -2/52      AC:  8    Str: 21    XL:     6   Next: 35%
Magic:  7/7        EV:  5    Int:  8    God:    Okawaru [......]
Gold:   106        SH: 14    Dex: 10    Spells: 7/7 levels left

rFire    . . .     SeeInvis .   a - +0 war axe
rCold    . . .     Gourm    .   G - +0 large shield
rNeg     . . .     Faith    .   b - +0 scale mail
rPois    .         Spirit   .   x - +0 helmet
rElec    .         Reflect  .   (no cloak)
rCorr    .         Harm     .   (no gloves)
MR       .....                  (no boots)
Stlth    ..........             (no amulet)
HPRegen  0.17/turn              (no ring)
MPRegen  0.10/turn              (no ring)

@: no status effects
A: no striking features
a: Renounce Religion


You were on level 4 of the Dungeon.
You worshipped Okawaru.
Okawaru was noncommittal.
You were not hungry.

You visited 1 branch of the dungeon, and saw 4 of its levels.

You collected 106 gold pieces.

Inventory:

Hand Weapons
 a - a +0 war axe (weapon)
Missiles
 r - 6 boomerangs (quivered)
Armour
 b - a +0 scale mail (worn)
 x - a +0 helmet (worn)
 G - a +0 large shield (worn)
Jewellery
 o - a cursed ring of attention {unknown}
 v - a +3 ring of intelligence {unknown}
 y - an uncursed ring of resist corrosion {unknown}
 B - a +4 ring of intelligence {unknown}
 C - an uncursed ring of resist corrosion {unknown}
Wands
 w - a wand of flame (18)
Scrolls
 e - a scroll of magic mapping {unknown}
 h - a scroll of enchant weapon {unknown}
 i - 9 scrolls of identify {unknown}
 k - a scroll of enchant armour {unknown}
 l - 2 scrolls of amnesia {unknown}
 m - a scroll of teleportation {unknown}
 q - 4 scrolls of remove curse {unknown}
 s - a scroll of blinking {unknown}
 t - a scroll of fear {unknown}
 D - a scroll of immolation {unknown}
 E - a scroll of fog {unknown}
Potions
 d - 2 potions of might
 g - 3 potions of heal wounds {unknown}
 j - a potion of flight {unknown}
 n - a potion of agility {unknown}
 p - a potion of curing {unknown}
 u - 2 potions of ambrosia {unknown}
 z - a potion of berserk rage {unknown}
 A - a potion of invisibility {unknown}
Comestibles
 f - a ration
 F - 3 chunks of flesh


   Skills:
 + Level 4.1 Fighting
 + Level 5.1 Axes
 * Level 4.4 Armour
 + Level 0.3 Dodging
 * Level 4.7 Shields
 * Level 1.0 Spellcasting
 * Level 1.3 Evocations


You had 7 spell levels left.
You didn't know any spells.
Your spell library contained the following spells:

 Spells                   Type           Power        Failure   Level  Hunger
 Magic Dart               Conj           #...         100%        1    ##.....
 Blink                    Tloc           N/A          100%        2    ###....
 Call Imp                 Summ           #.......     100%        2    ###....
 Slow                     Hex            #.......     100%        2    ###....
 Conjure Flame            Conj/Fire      #.......     100%        3    ####...
 Mephitic Cloud           Conj/Pois/Air  #.......     100%        3    ####...


Dungeon Overview and Level Annotations

Branches:
Dungeon (4/15)
 Temple: D:4-7

Altars:
Cheibriados
Makhleb
Nemelex Xobeh
Okawaru
Ru
Sif Muna
Trog
Xom
The Shining One

Annotations:
D:4 Grinder


Message History

You hit the ogre.
The ogre is moderately wounded.
You block the ogre's attack.
You hit the ogre.
The ogre is heavily wounded.
The ogre hits you with a +0 giant club!
You barely miss the ogre.
The ogre is heavily wounded.
The ogre hits you with a +0 giant club.
Your shield and scale mail prevent you from hitting the ogre.
The ogre is heavily wounded.
You block the ogre's attack. x2
You slash the ogre!
The ogre is almost dead.
The ogre hits you with a +0 giant club!
* * * LOW HITPOINT WARNING * * *
Your shield prevents you from hitting the ogre.
The ogre is almost dead.
The ogre hits you with a +0 giant club!
You die...

.......%.# ...................
......... ###.......#........
........# ...........#.....#.
#.......###########.........#####
...........................##
!............##########.#...#
....)..#####.### #.##### .......#
#...########.##### .......#
###.O@.#.........# .......#
####.#.........# ########
#...........# ###.........#
#.........# ###########


You could see an ogre.

Vanquished Creatures
  A howler monkey (D:3)
  An orc priest (D:3)
  An orc wizard (D:4)
  An iguana (D:3)
  2 worker ants (D:4)
  4 adders
  An adder skeleton (D:3)
  2 worms (D:2)
  4 leopard geckos
  6 orcs
  4 bats
  4 giant cockroaches
  11 goblins
  5 hobgoblins
  5 jackals
  4 quokkas
  7 frilled lizards
  11 kobolds
  10 rats
84 creatures vanquished.

Notes
Turn   | Place    | Note
-------+----------+-------------------------------------------
     0 | D:1      | Error4North the Hill Orc Fighter began the quest for the
                  | Orb.
     0 | D:1      | Reached XP level 1. HP: 19/19 MP: 1/1
   175 | D:1      | Reached XP level 2. HP: 27/27 MP: 2/2
   628 | D:2      | Reached skill level 3 in Axes
   635 | D:2      | Reached XP level 3. HP: 33/33 MP: 3/3
  1077 | D:2      | Reached XP level 4. HP: 37/40 MP: 4/4
  1153 | D:2      | Found a sparkling altar of Nemelex Xobeh.
  1305 | D:2      | Found a shimmering blue altar of Sif Muna.
  1305 | D:2      | Found a shimmering altar of Xom.
  1305 | D:2      | Found a snail-covered altar of Cheibriados.
  1617 | D:3      | Found a burning altar of Makhleb.
  1632 | D:3      | Found an iron altar of Okawaru.
  1638 | D:3      | Became a worshipper of Warmaster Okawaru
  1752 | D:3      | Found a glowing golden altar of the Shining One.
  2042 | D:3      | Found a bloodstained altar of Trog.
  2315 | D:4      | Reached skill level 4 in Axes
  2315 | D:4      | Reached XP level 5. HP: 30/46 MP: 5/5
  2476 | D:4      | Noticed Grinder
  2527 | D:4      | Noticed an ogre
  2527 | D:4      | Noticed a phantom
  2616 | D:4      | Found a sacrificial altar of Ru.
  2664 | D:4      | Reached skill level 1 in Evocations
  2837 | D:3      | Reached XP level 6. HP: 28/52 MP: 7/7
  3072 | D:4      | Reached skill level 1 in Spellcasting
  3257 | D:3      | Reached skill level 5 in Axes
  3261 | D:3      | Upgraded the game from 0.25-a0-464-g3004169c2b to
                  | 0.25-a0-474-ga8a2ee3166
  3369 | D:4      | Slain by an ogre

Levels and vault maps discovered:
D:1:      scummos_arrival_simple_crosswalls, layout_rooms, st_stairs_7,
          chequers_serial_rivers_micro_a
D:2:      layout_basic, nemelex_xobeh_ov_fountains_minmay,
          gammafunk_temple_overflow_claw
D:3:      layout_loops_cross, grunt_temple_overflow_open, tso_altar,
          trog_butcher_becter
D:4:      layout_rooms, nicolae_ru_sacrificial_ziggurat, first_ration,
          uniq_grinder

Skill      XL: |  1  2  3  4  5  6 |
---------------+-------------------+-----
Axes           | 3 4 5 |  5.1
Shields        | 4 |  4.7
Fighting       | 4 |  4.1
Armour         | 4 |  4.4
Evocations     | 1 |  1.3
Spellcasting   | 1 |  1.0
Dodging        | |  0.3

Action                   |  1- 3 |  4- 6 || total
-------------------------+-------+-------++-------
Melee: War axe           |   116 |   135 ||   251
Throw: Boomerang         |       |     4 ||     4
  Eat: Chunk             |     1 |     5 ||     6
       Ration            |       |     1 ||     1
Armor: Scale mail        |    63 |    82 ||   145
Dodge: Dodged            |    39 |    51 ||    90
Block: Shield            |    75 |    93 ||   168
       Large shield      |       |     4 ||     4

Table legend:
 A = Non-vault XP
 B = Vault XP
 C = Vault XP percentage of total XP
 D = Non-vault monster count
 E = Vault monster count
 F = Vault count percentage of total count
                 A         B        C        D         E       F
            +---------+---------+-------+---------+---------+-------
      Total |     418 |       8 |   1.9 |      79 |       5 |   6.0
            +---------+---------+-------+---------+---------+-------
        D:1 |      25 |       2 |   7.4 |      16 |       1 |   5.9
        D:2 |      77 |       0 |   0.0 |      27 |       0 |   0.0
        D:3 |     179 |       6 |   3.2 |      25 |       4 |  13.8
        D:4 |     137 |       0 |   0.0 |      11 |       0 |   0.0
            +---------+---------+-------+---------+---------+-------
